 Dungeon Sprint DCSS version 0.28-a0-1213-g0243856f03 (webtiles) character file.

Game seed: 13185837648166191398

3635 rocky1 the Blocker (level 10, -6/86 HPs)
             Began as a Gnoll Fighter on Dec 22, 2021.
             Was the Champion of Cheibriados.
             Mangled by a sun demon (11 damage)
             ... in the Dungeon (Sprint VII: "The Pits").
             The game lasted 00:05:05 (2131 turns).

rocky1 the Blocker (Gnoll Fighter)                  Turns: 2131, Time: 00:05:14

Health: -6/86      AC: 15    Str: 34    XL:     10   Next: 11%
Magic:  22/22      EV: 19    Int: 23    God:    Cheibriados [******]
Gold:   0          SH:  8    Dex: 27    Spells: 26/26 levels left

rFire   . . .      SeeInvis .   s - +1 broad axe (freeze)
rCold   . . .      Faith    .   c - +0 buckler
rNeg    . . .      Spirit   .   x - +5 ring mail
rPois   .          Reflect  .   (no helmet)
rElec   .          Harm     .   (no cloak)
rCorr   .          Rampage  .   u - +0 pair of gloves
Will    .....      NoTele   +   v - +0 pair of boots
Stlth   ++++......              (no amulet)
HPRegen 0.24/turn               (no ring)
MPRegen 0.18/turn               (no ring)

@: slowed, very slow
A: fangs 1, strong nose, distributed training
a: Renounce Religion, Bend Time, Temporal Distortion, Slouch, Step From Time


You were in the Dungeon.
You worshipped Cheibriados.
Cheibriados was exalted by your worship.
You visited 1 branch

Inventory:

Hand Weapons
 n - a +1 long sword of flaming
 r - the +2 rapier of Law {freeze, rF+ Int+3 Dex+5}
   (You found it in the Dungeon)

   It freezes those it strikes, dealing additional cold damage.
   It can also slow down cold-blooded creatures.
   Int:       It affects your intelligence (+3).
   Dex:       It affects your dexterity (+5).
   rF:        It protects you from fire.
 s - a +1 broad axe of freezing (weapon)
 t - a +2 scimitar of holy wrath
Armour
 c - a +0 buckler (worn)
 u - a +0 pair of gloves (worn)
 v - a +0 pair of boots (worn)
 x - a +5 ring mail (worn)
Jewellery
 b - a +3 ring of evasion
 g - a +3 ring of evasion
Scrolls
 j - a scroll of blinking
 l - 5 scrolls of amnesia
 m - a scroll of summoning
Potions
 a - 2 potions of mutation {unknown}
 d - a potion of might
 e - 7 potions of curing
 f - 15 potions of heal wounds
 h - 4 potions of magic
 i - 3 potions of berserk rage
 k - 2 potions of invisibility
 q - a potion of brilliance


   Skills:
 + Level 10.7 Fighting
 + Level 8.5 Short Blades
 + Level 8.5 Long Blades
 + Level 9.7 Axes
 + Level 8.5 Maces & Flails
 + Level 8.5 Polearms
 + Level 8.5 Staves
 + Level 8.5 Slings
 + Level 8.5 Bows
 + Level 8.5 Crossbows
 + Level 8.5 Throwing
 + Level 10.7 Armour
 + Level 8.5 Dodging
 + Level 8.5 Stealth
 + Level 10.7 Shields
 + Level 8.5 Unarmed Combat
 + Level 8.5 Spellcasting
 + Level 7.0 Conjurations
 + Level 7.0 Hexes
 + Level 7.0 Summonings
 + Level 7.0 Necromancy
 + Level 7.0 Translocations
 + Level 7.0 Transmutations
 + Level 7.0 Fire Magic
 + Level 7.0 Ice Magic
 + Level 7.0 Air Magic
 + Level 7.0 Earth Magic
 + Level 7.0 Poison Magic
 + Level 9.3 Invocations
 + Level 8.5 Evocations


You had 26 spell levels left.
You didn't know any spells.
Your spell library was empty.

Dungeon Overview and Level Annotations

Branches:
Dungeon (1/1)

Altars:
Ashenzari
Cheibriados
Dithmenos
Elyvilon
Fedhas
Gozag
Hepliaklqana
Kikubaaqudgha
Makhleb
Nemelex Xobeh
Okawaru
Qazlal
Ru
Sif Muna
Trog
Uskayaw
Vehumet
Wu Jian
Xom
Yredelemnul
Zin
The Shining One
Beogh
Jiyva
Lugonu


Innate Abilities, Weirdness & Mutations

You have very sharp teeth.
Your uncanny sense of smell can sniff out nearby items.
Your experience applies equally to all skills.


Message History

You start waiting.
You start waiting.
You start waiting.
Things that are here:
a +0 giant spiked club; a +0 giant club
Things that are here:
a +2 spectral quarterstaff; a +0 robe
Things that are here:
a +0 giant spiked club; a +0 giant club A sun demon comes into view.
The sun demon shouts!
You miss the sun demon.
You hear a chilling moan.
The sun demon hits you!!
You are engulfed in flames!
You hit the sun demon. You freeze the sun demon.
The sun demon is lightly wounded.
The sun demon hits you.
You are engulfed in flames!
The sun demon misses you.
You hit the sun demon but do no damage. Your bite misses the sun demon.
The sun demon is lightly wounded.
The sun demon completely misses you.
You slash the sun demon! You freeze the sun demon.
The sun demon is moderately wounded.
You barely miss something. You block the sun demon's attack.
Something hits you!
* * * LOW HITPOINT WARNING * * *
Something drains your vigour!
You feel yourself slow down.
Deactivating autopickup; reactivate with Ctrl-A.
You hit the sun demon but do no damage. You bite the sun demon.
The sun demon is moderately wounded.
You hit something but do no damage. You block the sun demon's attack.
Something barely misses you. The sun demon barely misses you.
Something hits you but does no damage. The sun demon closely misses you.
Unknown command.
You closely miss the sun demon. Your bite misses the sun demon.
The sun demon is moderately wounded.
You slash something! You freeze something. The sun demon misses you.
Something barely misses you. The sun demon hits you!!
* * * LOW HITPOINT WARNING * * *
You are engulfed in flames!
You die...

∆∆∆∆∆∆∆∆∆ ∆∆∆∆∆∆∆∆∆
########################
..).....................
..).............@3......
##############++########
#∆∆ ∆∆ ∆∆ #∆∆ ∆∆ ∆∆ # #
# # #


You could see a sun demon.

Vanquished Creatures
  A two-headed ogre (D)
  A flayed ghost (D)
  A spriggan druid (D)
  A deep elf zephyrmancer (D)
  A cyclops (D)
  A cane toad (D)
  Grinder (D)
  A flying skull (D)
  2 floating eyes (D)
  4 killer bees (D)
  2 orc priests (D)
  3 orc wizards (D)
  Terence (D)
  A gnoll (D)
  A river rat (D)
  A white imp (D)
  An adder skeleton (D)
  An orc (D)
  A ball python (D)
  A bat (D)
  A bat skeleton (D)
  2 goblins (D)
  A hobgoblin (D)
  8 jackals (D)
  2 quokkas (D)
  A ball python zombie (D)
42 creatures vanquished.

Notes
Turn   | Place    | Note
-------+----------+-------------------------------------------
     0 | D        | rocky1 the Gnoll Fighter began the quest for the Orb.
     0 | D        | Reached XP level 1. HP: 23/23 MP: 1/1
    38 | D        | Reached skill level 1 in Invocations
   121 | D        | Found a bloodstained altar of Trog.
   121 | D        | Found a shimmering blue altar of Sif Muna.
   121 | D        | Found a viscous altar of Jiyva.
   121 | D        | Found a hazy altar of Hepliaklqana.
   121 | D        | Found an opulent altar of Gozag.
   122 | D        | Found a glowing golden altar of the Shining One.
   122 | D        | Found a glowing silver altar of Zin.
   122 | D        | Found a basalt altar of Yredelemnul.
   122 | D        | Found a shimmering altar of Xom.
   122 | D        | Found an ornate altar of the Wu Jian Council.
   122 | D        | Found a sacrificial altar of Ru.
   122 | D        | Found a stormy altar of Qazlal.
   122 | D        | Found an iron altar of Okawaru.
   122 | D        | Found a sparkling altar of Nemelex Xobeh.
   122 | D        | Found a burning altar of Makhleb.
   122 | D        | Found a blossoming altar of Fedhas.
   122 | D        | Found a white marble altar of Elyvilon.
   122 | D        | Found a shadowy altar of Dithmenos.
   122 | D        | Found a snail-covered altar of Cheibriados.
   124 | D        | Found a radiant altar of Vehumet.
   124 | D        | Found a corrupted altar of Lugonu.
   125 | D        | Found a hide-covered altar of Uskayaw.
   125 | D        | Found an ancient bone altar of Kikubaaqudgha.
   125 | D        | Found a broken altar of Ashenzari.
   133 | D        | Became a worshipper of Cheibriados the Contemplative
   158 | D        | Reached skill level 1 in Short Blades
   158 | D        | Reached skill level 1 in Long Blades
   158 | D        | Reached skill level 1 in Maces & Flails
   158 | D        | Reached skill level 1 in Polearms
   158 | D        | Reached skill level 1 in Staves
   158 | D        | Reached skill level 1 in Slings
   158 | D        | Reached skill level 1 in Bows
   158 | D        | Reached skill level 1 in Crossbows
   158 | D        | Reached skill level 1 in Throwing
   158 | D        | Reached skill level 1 in Dodging
   158 | D        | Reached skill level 1 in Stealth
   158 | D        | Reached skill level 1 in Unarmed Combat
   158 | D        | Reached skill level 1 in Spellcasting
   158 | D        | Reached skill level 1 in Evocations
   158 | D        | Reached * piety under Cheibriados
   159 | D        | Reached XP level 2. HP: 24/29 MP: 3/3
   160 | D        | Reached ** piety under Cheibriados
   161 | D        | Reached skill level 1 in Conjurations
   161 | D        | Reached skill level 1 in Hexes
   161 | D        | Reached skill level 1 in Summonings
   161 | D        | Reached skill level 1 in Necromancy
   161 | D        | Reached skill level 1 in Translocations
   161 | D        | Reached skill level 1 in Transmutations
   161 | D        | Reached skill level 1 in Fire Magic
   161 | D        | Reached skill level 1 in Ice Magic
   161 | D        | Reached skill level 1 in Air Magic
   161 | D        | Reached skill level 1 in Earth Magic
   161 | D        | Reached skill level 1 in Poison Magic
   164 | D        | Noticed a floating eye
   165 | D        | Paralysed by a floating eye for 3 turns
   169 | D        | Killed a floating eye
   169 | D        | Reached *** piety under Cheibriados
   170 | D        | Reached skill level 5 in Axes
   170 | D        | Reached XP level 3. HP: 32/36 MP: 3/7
   170 | D        | Reached XP level 4. HP: 38/43 MP: 3/8
   315 | D        | Noticed a flying skull
   323 | D        | Killed a flying skull
   324 | D        | Reached XP level 5. HP: 39/49 MP: 8/11
   324 | D        | Reached XP level 6. HP: 45/56 MP: 8/12
   324 | D        | Reached **** piety under Cheibriados
   400 | D        | Noticed Terence
   413 | D        | Reached ***** piety under Cheibriados
   414 | D        | Reached skill level 5 in Invocations
   420 | D        | Killed Terence
   420 | D        | Reached ****** piety under Cheibriados
   421 | D        | Reached skill level 5 in Short Blades
   421 | D        | Reached skill level 5 in Long Blades
   421 | D        | Reached skill level 5 in Maces & Flails
   421 | D        | Reached skill level 5 in Polearms
   421 | D        | Reached skill level 5 in Staves
   421 | D        | Reached skill level 5 in Slings
   421 | D        | Reached skill level 5 in Bows
   421 | D        | Reached skill level 5 in Crossbows
   421 | D        | Reached skill level 5 in Throwing
   421 | D        | Reached skill level 5 in Dodging
   421 | D        | Reached skill level 5 in Stealth
   421 | D        | Reached skill level 5 in Unarmed Combat
   421 | D        | Reached skill level 5 in Spellcasting
   421 | D        | Reached skill level 5 in Evocations
   687 | D        | Noticed a deep elf zephyrmancer
   692 | D        | Killed a deep elf zephyrmancer
   693 | D        | Reached skill level 5 in Conjurations
   693 | D        | Reached skill level 5 in Hexes
   693 | D        | Reached skill level 5 in Summonings
   693 | D        | Reached skill level 5 in Necromancy
   693 | D        | Reached skill level 5 in Translocations
   693 | D        | Reached skill level 5 in Transmutations
   693 | D        | Reached skill level 5 in Fire Magic
   693 | D        | Reached skill level 5 in Ice Magic
   693 | D        | Reached skill level 5 in Air Magic
   693 | D        | Reached skill level 5 in Earth Magic
   693 | D        | Reached skill level 5 in Poison Magic
   693 | D        | Reached XP level 7. HP: 52/64 MP: 3/16
   791 | D        | Reached XP level 8. HP: 60/71 MP: 11/17
   822 | D        | Noticed Grinder
   822 | D        | Noticed a cyclops
   832 | D        | Killed a cyclops
   840 | D        | Killed Grinder
   873 | D        | Got the +2 rapier of Law {freeze, rF+ Int+3 Dex+5}
  1004 | D        | Noticed a cane toad
  1011 | D        | Killed a cane toad
  1012 | D        | Reached XP level 9. HP: 54/78 MP: 18/20
  1380 | D        | Noticed a flayed ghost
  1390 | D        | Killed a flayed ghost
  1391 | D        | Reached skill level 10 in Fighting
  1391 | D        | Reached skill level 10 in Armour
  1391 | D        | Reached skill level 10 in Shields
  1659 | D        | Noticed a two-headed ogre
  1661 | D        | Noticed a spriggan druid
  1666 | D        | Killed a two-headed ogre
  1673 | D        | Killed a spriggan druid
  1674 | D        | Reached XP level 10. HP: 44/86 MP: 22/22
  2124 | D        | Noticed a sun demon
  2131 | D        | Mangled by a sun demon

Illustrated notes

Levels and vault maps discovered:
D:        pitsprint [storerooms_1, entrance_room_1, metal_vault_3, armoury_2,
          mini_pit_1, grid_room_1, main_hall_1, silver_pit, the_coven_3,
          the_vestibule_1, steel_vault_3, golden_pit, hallway_of_sentries,
          crystal_vault_2, iron_vault_1, final_vault]

Skill      XL: |  1  2  3  4  5  6  7  8  9 |
---------------+----------------------------+-----
Invocations    | 1 3 4 6 8 9 |  9.3
Short Blades   | 1 3 4 6 7 8 |  8.5
Long Blades    | 1 3 4 6 7 8 |  8.5
Maces & Flails | 1 3 4 6 7 8 |  8.5
Polearms       | 1 3 4 6 7 8 |  8.5
Staves         | 1 3 4 6 7 8 |  8.5
Slings         | 1 3 4 6 7 8 |  8.5
Bows           | 1 3 4 6 7 8 |  8.5
Crossbows      | 1 3 4 6 7 8 |  8.5
Throwing       | 1 3 4 6 7 8 |  8.5
Dodging        | 1 3 4 6 7 8 |  8.5
Stealth        | 1 3 4 6 7 8 |  8.5
Unarmed Combat | 1 3 4 6 7 8 |  8.5
Spellcasting   | 1 3 4 6 7 8 |  8.5
Evocations     | 1 3 4 6 7 8 |  8.5
Conjurations   | 2 3 5 6 7 |  7.0
Hexes          | 2 3 5 6 7 |  7.0
Summonings     | 2 3 5 6 7 |  7.0
Necromancy     | 2 3 5 6 7 |  7.0
Translocations | 2 3 5 6 7 |  7.0
Transmutations | 2 3 5 6 7 |  7.0
Fire Magic     | 2 3 5 6 7 |  7.0
Ice Magic      | 2 3 5 6 7 |  7.0
Air Magic      | 2 3 5 6 7 |  7.0
Earth Magic    | 2 3 5 6 7 |  7.0
Poison Magic   | 2 3 5 6 7 |  7.0
Fighting       | 7 9 10 | 10.7
Axes           | 5 6 7 8 9 |  9.7
Armour         | 7 9 10 | 10.7
Shields        | 7 9 10 | 10.7

Action                   |  1- 3 |  4- 6 |  7- 9 | 10-12 || total
-------------------------+-------+-------+-------+-------++-------
Melee: War axe           |    17 |    12 |       |       ||    29
       Bite              |       |     6 |     8 |     1 ||    15
       Hand axe          |       |    17 |    13 |       ||    30
       Broad axe         |       |       |    20 |     6 ||    26
       Scimitar          |       |       |     5 |       ||     5
Invok: Slouch            |       |     4 |     2 |       ||     6
  Use: Potion            |       |     1 |       |       ||     1
 Stab: Sleeping          |       |       |     1 |       ||     1
Armor: Scale mail        |    11 |     3 |       |       ||    14
       Chain mail        |       |    11 |     5 |       ||    16
       Ring mail         |       |       |     7 |     1 ||     8
Dodge: Dodged            |    11 |    15 |    32 |     7 ||    65
Block: Buckler           |     7 |     9 |    15 |     2 ||    33

Table legend: (Time is in decaauts)
 A = Elapsed time spent in this place.
 B = Non-inter-level travel time spent in this place.
 C = Inter-level travel time spent in this place.
 D = Time resting spent in this place.
 E = Time spent auto-exploring this place.
 F = Levels seen in this place.
 G = Mean time per level.
                   A        B        C        D        E       F      G
               +--------+--------+--------+--------+--------+-----+--------+
         Total |   2397 |   2244 |    153 |   1584 |      0 |   1 | 2397.0 |
       Dungeon |   2397 |   2244 |    153 |   1584 |      0 |   1 | 2397.0 |
               +--------+--------+--------+--------+--------+-----+--------+

Top non-repeatable levels by time:
       D: 2397 daAuts
